 Dungeon Crawl Stone Soup version 0.17.1-1-g73c8601 (webtiles) character file.

65 penguinsfan71 the Grave Robber (level 3, 0/25 HPs)
             Began as a Vampire Necromancer on Feb 3, 2016.
             Was an Initiate of Vehumet.
             Slain by an adder (4 damage)
             ... on level 3 of the Dungeon.
             The game lasted 00:17:01 (3179 turns).

penguinsfan71 the Grave Robber (VpNe)               Turns: 3179, Time: 00:17:01

Health: 0/25       AC:  2    Str:  7    XL:     3   Next: 92%
Magic:  1/6        EV: 13    Int: 18    God:    Vehumet [......]
Gold:   156        SH:  0    Dex: 14    Spells: 1 memorised, 5 levels left

rFire  . . .     SeeInvis +     m - +0 spear
rCold  . . .     Clarity  .     a - +0 robe
rNeg   + . .     SustAt   .     (no shield)
rPois  .         Gourm    .     (no helmet)
rElec  .         Spirit   .     (no cloak)
rCorr  .         Warding  .     (no gloves)
rMut   .         Stasis   .     (no boots)
MR     .....                    (no amulet)
Stlth  +++.......               (no ring)
                                (no ring)

@: lethally poisoned (0 -> -8), not resistant to hostile enchantments, fairly
stealthy
A: fangs 3, see invisible, unbreathing
a: Bat Form, Renounce Religion


You were on level 3 of the Dungeon.
You worshipped Vehumet.
Vehumet was noncommittal.
You were not thirsty.

You visited 1 branch of the dungeon, and saw 3 of its levels.

You collected 156 gold pieces.

Inventory:

Hand Weapons
 g - a +0 dagger
 m - a +0 spear (weapon)
 q - a +0 short sword
Missiles
 j - 100 stones (quivered)
Armour
 a - a +0 robe (worn)
 p - a +0 robe
Jewellery
 f - an uncursed ring of fire
Scrolls
 d - a scroll of enchant armour
 e - a scroll of enchant weapon {unknown}
 k - 2 scrolls of remove curse
 n - a scroll of identify
 o - a scroll of fear
Potions
 c - 17 potions of blood
 h - 2 potions of haste
 i - 4 potions of curing {unknown}
 l - a potion of resistance {unknown}
 r - a potion of poison {unknown}
 s - a potion of invisibility {unknown}
Books
 b - a book of Necromancy

   Spells                             Type                      Level
   a - Pain                           Necromancy                   1
   b - Animate Skeleton               Necromancy                   1
   c - Vampiric Draining              Necromancy                   3
   d - Regeneration                   Charms/Necromancy            3
   e - Animate Dead                   Necromancy                   4
   f - Control Undead                 Necromancy                   4


   Skills:
 + Level 0.6 Fighting
 + Level 2.5 Dodging
 + Level 3.2 Stealth
 + Level 2.3 Spellcasting
 + Level 5.4 Necromancy


You had 5 spell levels left.
You knew the following spells:

 Your Spells              Type           Power        Failure   Level  Hunger
a - Pain                  Necr           ###.         1%          1    #......


Dungeon Overview and Level Annotations

Branches:
Dungeon (3/15)

Altars:
Dithmenos
Makhleb
Ru
Vehumet


Innate Abilities, Weirdness & Mutations

You have razor-sharp teeth.
You have supernaturally acute eyesight.
You can survive without breathing.


Message History

You are poisoned.
The adder poisons you!
You feel sick.
You feel sick. The adder bites you.
You are lethally poisoned!
The adder poisons you!
You hit the adder.
The adder is moderately wounded.
* * * LOW HITPOINT WARNING * * *
You feel sick. The adder misses you.
You hit the adder but do no damage.
The adder is moderately wounded.
* * * LOW HITPOINT WARNING * * *
You feel sick. The adder misses you. The adder bites you.
* * * LOW HITPOINT WARNING * * *
You hit the adder.
The adder is moderately wounded.
The adder bites you.
You die...

≈.≈≈≈≈. #.# ≈.≈≈≈≈.
#.# ≈.≈≈≈≈.##.#
..≈≈≈≈..#.#
.......$#.#
.≈≈≈≈≈..#.######
.≈≈≈≈≈.........#
.≈≈≈≈≈....S@##.#######
.≈≈≈≈≈.....###.......#
.......##.## #######.#
.#.#.## #.# #.# .....
#.# #.# ##.# #+# #.#
#. #.# # ##.# ##..#


You could see an adder.

Vanquished Creatures
  An ooze (D:2)
  A worm (D:2)
  A giant gecko (D:2)
  A ball python (D:3)
  7 hobgoblins
  4 jackals (D:2)
  6 kobolds
  2 bats
  4 giant cockroaches
  16 giant newts
  9 goblins
  8 rats
60 creatures vanquished.

Notes
Turn   | Place    | Note
--------------------------------------------------------------
     0 | D:1      | penguinsfan71 the Vampire Necromancer began the quest for the Orb.
     0 | D:1      | Reached XP level 1. HP: 13/13 MP: 3/3
   316 | D:1      | Reached XP level 2. HP: 8/19 MP: 1/5
   888 | D:1      | Reached skill level 5 in Necromancy
  1479 | D:1      | Reached XP level 3. HP: 16/24 MP: 2/6
  1619 | D:2      | Found a faded altar to an unknown god.
  1746 | D:2      | Became a worshipper of Ru the Awakened
  1752 | D:2      | Fell from the grace of Ru
  1926 | D:2      | Found a shadowy altar of Dithmenos.
  2049 | D:2      | Found a burning altar of Makhleb.
  2077 | D:2      | Found a radiant altar of Vehumet.
  2121 | D:2      | Became a worshipper of Vehumet
  3179 | D:3      | Slain by an adder

Action                   || total
-------------------------++-------
Melee: Dagger            ||    14
       Spear             ||   108
 Cast: Pain              ||    61
Invok: Renounce Religion ||     1
  Use: Potion            ||     9
       Scroll            ||     3
 Stab: Sleeping          ||     1
